 Dungeon Crawl Stone Soup version 0.28.0-1-gb440e238dd (webtiles) character file.

Game seed: 15140719154213424755

55 pkoi the Insei (level 3, -3/31 HPs)
             Began as a Draconian Monk on Feb 24, 2022.
             Slain by an adder (4 damage)
             ... on level 2 of the Dungeon.
             The game lasted 00:01:13 (1168 turns).

pkoi the Insei (Draconian Monk)                     Turns: 1168, Time: 00:01:14

Health: -3/31      AC:  5    Str: 13    XL:     3   Next: 67%
Magic:  3/3        EV: 12    Int: 12    God:
Gold:   88         SH:  0    Dex: 13    Spells: 2/2 levels left

rFire   . . .      SeeInvis .     - Unarmed
rCold   . . .      Faith    .   (no shield)
rNeg    . . .      Spirit   .   (armour unavailable)
rPois   .          Reflect  .   (helmet restricted)
rElec   .          Harm     .   (no cloak)
rCorr   .          Rampage  .   (no gloves)
Will    .....                   (no boots)
Stlth   +.........              (no amulet)
HPRegen 0.10/turn               (no ring)
MPRegen 0.08/turn               (no ring)

@: lethally poisoned (-3 -> -5), silenced
A: AC +5, unfitting armour, cold-blooded
a: no special abilities


You were on level 2 of the Dungeon.
You visited 1 branch of the dungeon, and saw 2 of its levels.

You collected 88 gold pieces.

Inventory:

Scrolls
 a - 2 scrolls of identify


   Skills:
 - Level 3.2 Fighting
 - Level 2.6 Dodging
 - Level 1.7 Stealth
 + Level 4.7 Unarmed Combat


You had 2 spell levels left.
You didn't know any spells.
Your spell library contained the following spells:

 Spells                   Type           Power      Damage    Failure   Level
 Ignite Poison            Fire/Tmut/Pois 0%         N/A       69%         3
 Mephitic Cloud           Conj/Pois/Air  0%         N/A       69%         3
 Freezing Cloud           Conj/Ice/Air   0%         6-21      100%        5


Dungeon Overview and Level Annotations

Branches:
Dungeon (2/15)

Altars:


Innate Abilities, Weirdness & Mutations

Your plain brown scales are hard. (AC +5)
You cannot fit into any form of body armour.
You are cold-blooded and may be slowed by cold attacks.


Message History

You barely miss the adder. The adder barely misses you.
The adder bites you but does no damage.
You closely miss the adder.
You feel sick.
You are no longer poisoned.
The adder barely misses you. The adder bites you but does no damage.
You closely miss the adder. The adder barely misses you. x2
The adder bites you but does no damage. The adder barely misses you.
You closely miss the adder. The adder bites you.
* * * LOW HITPOINT WARNING * * *
The adder misses you.
You closely miss the adder. The adder bites you but does no damage.
The adder closely misses you.
You hit the adder.
The adder is lightly wounded.
The adder bites you.
* * * LOW HITPOINT WARNING * * *
You are poisoned.
The adder poisons you! The adder bites you but does no damage.
You miss the adder.
The adder is lightly wounded.
* * * LOW HITPOINT WARNING * * *
You feel sick. The adder bites you but does no damage. The adder bites you.
* * * LOW HITPOINT WARNING * * *
Unknown command.
You aren't carrying any potions.
Unknown command.
Unknown command.
As you read the scroll labelled MIOH QOYTAOTT, it crumbles to dust.
The creatures around you are filled with an inner flame!
It was a scroll of immolation.
* * * LOW HITPOINT WARNING * * *
You feel sick. The adder bites you.
* * * LOW HITPOINT WARNING * * *
The adder bites you but does no damage. The adder closely misses you.
As you read the scroll labelled TUHOERPHYBE, it crumbles to dust.
A profound silence engulfs you.
It was a scroll of silence.
* * * LOW HITPOINT WARNING * * *
You feel sick. The adder barely misses you.
The adder bites you but does no damage. The adder bites you.
You die...

#.. ..# #.# ##.## #.#
##...##
###.####.....###
#####..............#
........####.....#.#
#...†......B....#
##.#.######S##..# #.#.#
#@##...# #.#)##
#S##...#
#####....#####r>.o....
......................#
##........#####..o....#
#.#.#..#.# ##...### #
##.#.#.# #...# ###.#.#
.## #.#.#


You could see 2 adders, an orc (inner flame), a giant cockroach (inner flame)
and a rat (inner flame).

Vanquished Creatures
  Natasha (D:2)
  2 worms (D:2)
  A dart slug (D:1)
  4 ball pythons
  4 bats
  An endoplasm (D:1)
  4 goblins
  A hobgoblin (D:1)
  A quokka (D:2)
  A frilled lizard (D:1)
  A kobold (D:2)
  A rat (D:1)
22 creatures vanquished.

Notes
Turn   | Place    | Note
-------+----------+-------------------------------------------
     0 | D:1      | pkoi the Draconian Monk began the quest for the Orb.
     0 | D:1      | Reached XP level 1. HP: 19/19 MP: 1/1
    92 | D:1      | Found a faded altar of an unknown god.
   113 | D:1      | Reached XP level 2. HP: 21/26 MP: 2/2
   810 | D:2      | Noticed Natasha
   812 | D:2      | Noticed a crimson imp
   814 | D:2      | Noticed a crimson imp
   822 | D:2      | Killed Natasha
   823 | D:2      | Reached skill level 4 in Unarmed Combat
   823 | D:2      | Reached XP level 3. HP: 12/31 MP: 3/3
  1168 | D:2      | HP: 1/31 [poisoned by an adder]
  1168 | D:2      | Slain by an adder

Illustrated notes

Levels and vault maps discovered:
D:1:      amcnicky_arrival_choice, layout_loops_cross,
          ebering_ecumenical_altar_mist
D:2:      layout_loops_ring, uniq_natasha

Skill      XL: |  1  2 |
---------------+-------+-----
Unarmed Combat | 4 |  4.7
Fighting       | |  3.2
Dodging        | |  2.6
Stealth        | |  1.7

Action                   || total
-------------------------++-------
Melee: Unarmed           ||    87
       Tailslap          ||     5
       Punch             ||     3
  Use: Scroll            ||     5
Armor: Skin              ||    25
Dodge: Dodged            ||    59
